 Dungeon Crawl Stone Soup version 0.26-a0-1181-gd376ed14c5 (webtiles) character file.

Game seed: 15309546993877300330

5912 HoaS the Grappler (level 10, -6/83 HPs)
             Began as a Ghoul Gladiator on Dec 26, 2020.
             Was a Priest of Makhleb.
             Mangled by a yaktaur captain (15 damage)
             ... on level 9 of the Dungeon.
             The game lasted 00:15:44 (6620 turns).

HoaS the Grappler (Ghoul Gladiator)                 Turns: 6620, Time: 00:15:45

Health: -6/83      AC: 17    Str: 22    XL:     10   Next: 82%
Magic:  9/9        EV: 12    Int:  3    God:    Makhleb [***...]
Gold:   602        SH:  0    Dex: 10    Spells: 9/9 levels left

rFire    . . .     SeeInvis +     - Unarmed
rCold    + . .     Faith    .   (no shield)
rNeg     + + +     Spirit   .   b - +3 scale mail {Will+}
rPois    ∞         Reflect  .   y - +2 helmet {SInv}
rElec    .         Harm     .   x - +1 cloak
rCorr    .         Rampage  .   (no gloves)
Will     +....                  s - +1 pair of boots
Stlth    +.........             (no amulet)
HPRegen  0.00/turn              q - ring of stealth
MPRegen  0.11/turn              (no ring)

@: hasted, very quick
A: claws 1, cold resistance 1, negative energy resistance 3, inhibited
regeneration, torment resistance, unbreathing
a: Renounce Religion, Minor Destruction, Lesser Servant of Makhleb


You were on level 9 of the Dungeon.
You worshipped Makhleb.
Makhleb was most pleased with you.
You visited 2 branches of the dungeon, and saw 10 of its levels.

You collected 602 gold pieces.

Inventory:

Missiles
 c - 5 throwing nets (quivered)
 e - 20 poisoned darts
 l - 22 boomerangs
Armour
 b - a +3 scale mail of willpower (worn)
 d - a +0 plate armour
 s - a +1 pair of boots (worn)
 x - a +1 cloak (worn)
 y - a +2 helmet of see invisible (worn)
Jewellery
 q - a ring of stealth (left claw)
Wands
 o - a wand of enslavement (21)
 r - a wand of polymorph (10)
 z - a wand of disintegration (12)
 B - a wand of digging (4)
Scrolls
 i - 9 scrolls of teleportation
 t - 3 scrolls of magic mapping
 v - 3 scrolls of remove curse
 A - a scroll of identify
Potions
 a - 2 potions of mutation {unknown}
 f - 4 potions of attraction
 g - 4 potions of curing
 h - a potion of heal wounds {unknown}
 j - 3 potions of degeneration {unknown}
 k - 2 potions of cancellation {unknown}
 m - 2 potions of ambrosia {unknown}
 n - 2 potions of haste
 p - a potion of invisibility {unknown}
 u - a potion of brilliance {unknown}
 w - a potion of flight {unknown}


   Skills:
 + Level 6.1 Fighting
 - Level 1.7 Throwing
 + Level 4.6 Armour
 + Level 5.5 Dodging
 * Level 14.0 Unarmed Combat


You had 9 spell levels left.
You didn't know any spells.
Your spell library contained the following spells:

 Spells                   Type           Power        Failure   Level
 Animate Skeleton         Necr           0%           83%         1
 Apportation              Tloc           0%           83%         1
 Corona                   Hex            0%           83%         1
 Summon Small Mammal      Summ           0%           83%         1


Dungeon Overview and Level Annotations

Branches:
Dungeon (9/15)             Temple (1/1) D:4            Lair (0/6) D:9
    Orc: D:9-12

Altars:
Ashenzari
Cheibriados
Dithmenos
Elyvilon
Fedhas
Gozag
Hepliaklqana
Kikubaaqudgha
Makhleb
Nemelex Xobeh
Okawaru
Qazlal
Ru
Sif Muna
Trog
Uskayaw
Vehumet
Wu Jian
Xom
Yredelemnul
Zin
The Shining One

Annotations:
D:3 2 transporters, FortyThree's ghost, amateur GnWr


Innate Abilities, Weirdness & Mutations

You thrive by killing the living.
You are immune to poison.
You have sharp fingernails.
Your flesh is cold resistant. (rC+)
You are immune to negative energy. (rN+++)
You do not regenerate when monsters are visible.
You are immune to unholy pain and torment.
You can survive without breathing.


Message History

You feel better. The yaktaur captain barely misses you.
Things that are here:
a +0 shortbow; 4 arrows; a centaur corpse You barely miss the yaktaur captain.
The yaktaur captain is moderately wounded.
The yaktaur captain hits you but does no damage.
You scratch the yaktaur captain.
The yaktaur captain is moderately wounded.
The yaktaur captain hits you!
You feel better. The yaktaur captain hits you!
* * * LOW HITPOINT WARNING * * *
You feel yourself speed up. The yaktaur captain hits you!
* * * LOW HITPOINT WARNING * * *
You scratch the yaktaur captain.
The yaktaur captain is moderately wounded.
You claw the yaktaur captain!
The yaktaur captain is heavily wounded.
The yaktaur captain hits you!
You die...

#.......#.###
#.###.###...# ...
#.# #.#
#...######...
#.###.#
#........#...
#.##.<#
#........##'######
#.##.##
########.#..$#(..
#.#..# #(#.c.'.
#.#.## #.#..c#
#...# #@##'# #####
#c.(.# ######


You could see a yaktaur captain.

Vanquished Creatures
  Harold (D:9)
  Prince Ribbit (D:6)
  3 yaks (D:9)
  Menkaure (D:6)
  Edmund (D:5)
  2 orc warriors
  4 ice beasts
  A black bear (D:9)
  A phantom (D:4)
  3 sky beasts
  8 ogres
  5 centaurs
  4 bullfrogs
  3 scorpions
  4 killer bees (D:8)
  8 wights
  4 howler monkeys
  A bullfrog zombie (D:9)
  2 orc priests (D:8)
  A jelly (D:7)
  10 orc wizards
  3 bullfrog skeletons
  6 hounds
  An iguana (D:6)
  3 worker ants
  3 hound zombies
  9 adders
  7 gnolls
  3 white imps
  An ufetubus (D:6)
  2 oozes
  An adder zombie (D:6)
  2 worms (D:2)
  2 adder skeletons
  4 dart slugs
  8 leopard geckos
  45 orcs
  9 bats
  6 giant cockroaches
  11 goblins
  5 hobgoblins
  16 jackals
  2 quokkas
  4 ball pythons
  6 frilled lizards
  8 kobolds
  2 leopard gecko skeletons
  A leopard gecko zombie (D:6)
  8 rats
246 creatures vanquished.

Notes
Turn   | Place    | Note
-------+----------+-------------------------------------------
     0 | D:1      | HoaS the Ghoul Gladiator began the quest for the Orb.
     0 | D:1      | Reached XP level 1. HP: 17/17 MP: 0/0
   145 | D:1      | Reached XP level 2. HP: 19/24 MP: 1/1
   161 | D:1      | Reached skill level 4 in Unarmed Combat
   547 | D:1      | Reached XP level 3. HP: 29/29 MP: 2/2
   855 | D:2      | Found a bloodstained altar of Trog.
   892 | D:2      | Reached skill level 5 in Unarmed Combat
  1021 | D:2      | Reached XP level 4. HP: 31/36 MP: 3/3
  1313 | D:3      | Found a shadowy altar of Dithmenos.
  1359 | D:3      | Reached skill level 6 in Unarmed Combat
  1363 | D:3      | Reached XP level 5. HP: 29/41 MP: 4/4
  1418 | D:3      | Noticed FortyThree's ghost (amateur GnWr)
  1419 | D:3      | Found a transporter.
  1447 | D:3      | Found a transporter.
  1494 | D:3      | Found a stormy altar of Qazlal.
  1564 | D:3      | Found an opulent altar of Gozag.
  1637 | D:3      | Reached skill level 7 in Unarmed Combat
  1811 | D:4      | Reached XP level 6. HP: 48/48 MP: 5/5
  1929 | D:4      | Reached skill level 8 in Unarmed Combat
  2028 | D:4      | Reached XP level 7. HP: 55/55 MP: 6/6
  2182 | D:4      | Reached skill level 9 in Unarmed Combat
  2499 | D:4      | Found a staircase to the Ecumenical Temple.
  2508 | Temple   | Entered the Ecumenical Temple
  2692 | Temple   | Became a worshipper of Makhleb the Destroyer
  2867 | D:4      | Found a sparkling altar of Nemelex Xobeh.
  3028 | D:5      | Entered Level 5 of the Dungeon
  3028 | D:5      | Noticed Edmund
  3042 | D:5      | Killed Edmund
  3048 | D:5      | Reached skill level 10 in Unarmed Combat
  3067 | D:5      | Reached XP level 8. HP: 48/61 MP: 7/7
  3269 | D:5      | Reached skill level 11 in Unarmed Combat
  3368 | D:5      | Found a basalt altar of Yredelemnul.
  3420 | D:5      | Reached * piety under Makhleb
  3560 | D:5      | Found an ornate altar of the Wu Jian Council.
  3623 | D:6      | Noticed Menkaure
  3629 | D:6      | Killed Menkaure
  3633 | D:6      | Reached skill level 12 in Unarmed Combat
  3721 | D:6      | Reached XP level 9. HP: 68/68 MP: 8/8
  3735 | D:6      | Found a sparkling altar of Nemelex Xobeh.
  3755 | D:6      | Reached skill level 1 in Armour
  4179 | D:6      | Reached ** piety under Makhleb
  4556 | D:6      | Noticed Prince Ribbit
  4571 | D:6      | Killed Prince Ribbit
  4873 | D:7      | Found a broken altar of Ashenzari.
  4889 | D:7      | Reached skill level 13 in Unarmed Combat
  5239 | D:8      | Reached XP level 10. HP: 80/80 MP: 9/9
  5336 | D:8      | Found an iron altar of Okawaru.
  5482 | D:8      | Reached skill level 5 in Fighting
  5576 | D:8      | Reached *** piety under Makhleb
  6113 | D:9      | Noticed Harold
  6133 | D:9      | Killed Harold
  6134 | D:9      | Reached skill level 5 in Dodging
  6248 | D:9      | Found a white marble altar of Elyvilon.
  6340 | D:9      | Found a staircase to the Lair.
  6596 | D:9      | Noticed a yaktaur captain
  6601 | D:9      | Reached skill level 14 in Unarmed Combat
  6620 | D:9      | Mangled by a yaktaur captain

Illustrated notes

Levels and vault maps discovered:
D:1:      matt_arrival_debris, layout_basic
D:2:      layout_loops_cross, marbit_many_paths
D:3:      layout_rooms, nicolae_overflow_crystal_walls, old_standard_altar,
          gammafunk_ghost_arena, grunt_dithmenos_smoke
D:4:      layout_basic, lemuel_coloured_pillars_altar, temple_hall,
          serial_rivers, chequers_serial_rivers_marsh,
          chequers_serial_rivers_small_a, chequers_serial_rivers_micro_a,
          chequers_serial_rivers_micro_e, chequers_serial_rivers_room_b,
          kennysheep_generic_room_2
D:5:      layout_cave_pools, lemuel_round_altar, nzn_wu_jian_council_hall,
          uniq_edmund
D:6:      layout_loops_corners, nemelex_spade_bored_becter, uniq_prince_ribbit1,
          uniq_menkaure
D:7:      layout_loops_cross, ashenzari_altar_1, supply_closet_lemuel
D:8:      layout_basic, kennysheep_mini_moat, small_chamber_with_monster
D:9:      layout_rooms, lair_entry_dummy, basic_altar, minmay_evil_grid,
          uniq_harold
Temple:   eino_narrow_crystal_temple

Skill      XL: |  1  2  3  4  5  6  7  8  9 10 |
---------------+-------------------------------+-----
Unarmed Combat | 4 5 6 7 8 10 12 13 14 | 14.0
Dodging        | 3 4 5 |  5.5
Armour         | 3 4 |  4.6
Fighting       | 4 6 |  6.1
Throwing       | |  1.7

Action                   |  1- 3 |  4- 6 |  7- 9 | 10-12 || total
-------------------------+-------+-------+-------+-------++-------
Melee: Unarmed           |   131 |   193 |   266 |   196 ||   786
       Punch             |     2 |     3 |     4 |     9 ||    18
Throw: Dart              |       |       |     6 |       ||     6
       Throwing net      |       |       |     1 |       ||     1
  Use: Scroll            |     1 |     8 |     9 |       ||    18
       Potion            |       |       |       |     2 ||     2
Armor: Plate armour      |   122 |   143 |   145 |    59 ||   469
       Leather armour    |     1 |       |       |       ||     1
       Scale mail        |       |       |       |    14 ||    14
Dodge: Dodged            |    35 |    74 |    62 |    55 ||   226

Table legend: (Time is in decaauts)
 A = Elapsed time spent in this place.
 B = Non-inter-level travel time spent in this place.
 C = Inter-level travel time spent in this place.
 D = Time resting spent in this place.
 E = Time spent auto-exploring this place.
 F = Levels seen in this place.
 G = Mean time per level.
                   A        B        C        D        E       F      G
               +--------+--------+--------+--------+--------+-----+--------+
         Total |   6492 |   6272 |    220 |    182 |   4540 |  10 |  649.2 |
       Dungeon |   6292 |   6098 |    194 |    182 |   4369 |   9 |  699.1 |
        Temple |    199 |    173 |     26 |      0 |    171 |   1 |  199.0 |
               +--------+--------+--------+--------+--------+-----+--------+

Top non-repeatable levels by time:
     D:4: 1020 daAuts
     D:6: 959 daAuts
     D:8: 914 daAuts
     D:2: 627 daAuts
     D:1: 624 daAuts
     D:7: 616 daAuts
     D:5: 561 daAuts
     D:3: 535 daAuts
     D:9: 433 daAuts
  Temple: 199 daAuts
